Monsters vs Sharks

Created - Saturday, February 28, 2015 at 01:44

Goals
1 2 3 T
Monsters 1 0 0 1
Sharks 9 5 2 16
Shots
1 2 3 T
Monsters 6 14 10 30
Sharks 9 8 6 23

1st period

1. Sharks , Mark Barberio 39 (Michael Latta) at 0:20
2. Sharks , David van der Gulik 20 (Brendan Mikkelson, Joey Mormina) at 0:49 (SH)
3. Sharks , Mark McNeill 10 (Tye McGinn, J.C. Lipon) at 5:38
4. Sharks , Wade Brookbank 1 (Patrick McNeill, Tye McGinn) at 5:58
5. Sharks , David van der Gulik 21 (Brendan Mikkelson) at 7:59 (PP)
6. Sharks , Mark Barberio 40 (Michael Latta) at 11:02
7. Sharks , Mark Barberio 41 (Alexandre Bolduc, Brendan Mikkelson) at 12:51
8. Sharks , Brendan Mikkelson 7 (Tye McGinn, Dominik Uher) at 12:56
9. Sharks , David van der Gulik 22 (Tye McGinn, Brendan Mikkelson) at 16:31
10. Monsters , Raphael Bussieres 6 (Ben Street) at 19:23 (PP)

Penalties :
Wade Brookbank (WOR) for Holding Stick (Minor) at 0:37, Mike Halmo (WOR) for Interference (Minor) at 3:00, Farm Player39 (LAM) for Elbowing (Minor) at 7:39, Wade Brookbank (WOR) for Fighting (Major) at 8:52, Justin Mercier (LAM) for Fighting (Major) at 8:52, Mike Halmo (WOR) for Fighting (Major) at 17:50, Max Friberg (LAM) for Fighting (Major) at 17:50, Mike Halmo (WOR) for instigated a fight (Minor) at 17:50, Mike Halmo (WOR) for instigated a fight (10 Minutes Misconduct) at 17:50

2nd period

11. Sharks , David van der Gulik 23 (Patrick McNeill, Dominik Uher) at 1:33
12. Sharks , Mark Barberio 42 (Brendan Mikkelson) at 15:10
13. Sharks , Michael Latta 13 (Alexandre Bolduc, Mark Barberio) at 17:46
14. Sharks , Michael Latta 14 (Alexandre Bolduc) at 18:47
15. Sharks , Tye McGinn 26 (David van der Gulik) at 19:10

Penalties :
Wade Brookbank (WOR) for Fighting (Major) at 0:31, Andrew Joudrey (LAM) for Fighting (Major) at 0:31, Joey Mormina (WOR) for Goalie Interference (Minor) at 3:30, Alexandre Bolduc (WOR) for Tripping (Minor) at 7:59, Wade Brookbank (WOR) for Fighting (Major / Game Misconduct) at 18:05, Matthew Corrente (LAM) for Fighting (Major) at 18:05, Joey Mormina (WOR) for Fighting (Major) at 18:12, Raphael Bussieres (LAM) for Fighting (Major) at 18:12, Michael Latta (WOR) for Fighting (Major) at 19:54, Gleason Fournier (LAM) for Fighting (Major) at 19:54

3rd period

16. Sharks , David van der Gulik 24 (Louis Leblanc) at 3:36 (SH)
17. Sharks , Tye McGinn 27 (Farm Player19) at 5:56

Penalties :
Farm Player19 (WOR) for Cross-checking (Minor) at 2:58

Goalie Stats

Farm Player80 (LAM), 7 saves from 19 shots - (0.368), L, 1-55-1, 53:02 minutes
Farm Player100 (LAM), 0 saves from 4 shots - (0.000), 6:58 minutes
Dov Grumet-Morris (WOR), 29 saves from 30 shots - (0.967), W, 12-13-2, 60:00 minutes

Players Stats for Monsters

Player Name              G  A  P  +/- PIM S  H  SB GA TA FO     MP     PP MP  PK MP  
------------------------------------------------------------------------------------
Andrej Nestrasil         0  0  0  -6  0   0  2  0  0  0  8/17   22:57   5:14   0:20 
Andrew Joudrey           0  0  0  -6  5   6  2  1  0  1  5/6    17:56   1:05   0:00 
Ben Street               0  1  1  -4  0   3  2  0  4  3  10/20  22:33   5:44   0:20 
Brett Hextall            0  0  0  -4  0   1  3  0  1  0  0/0    20:37   5:46   0:00 
Farm Player13            0  0  0  -5  0   0  0  0  0  0  0/0    19:47   4:50   0:00 
Farm Player18            0  0  0  -4  0   1  0  0  0  0  0/0    16:02   1:18   0:00 
Farm Player27            0  0  0  -3  0   0  0  0  0  1  0/0     7:25   0:00   0:00 
Farm Player32            0  0  0  -3  0   2  0  0  0  1  0/0     7:25   0:00   0:00 
Farm Player33            0  0  0  -3  0   0  0  0  0  0  0/0    12:49   0:14   0:00 
Farm Player35            0  0  0  -4  0   0  0  0  0  0  0/0    17:08   4:18   0:00 
Farm Player39            0  0  0  -5  2   1  0  0  0  0  1/1    15:26   0:00   0:00 
Gleason Fournier         0  0  0  -4  5   1  0  3  0  1  0/0    19:44   5:14   0:20 
Jordan Szwarz            0  0  0  -6  0   3  3  1  6  0  0/2    20:34   5:36   0:00 
Justin Mercier           0  0  0  -4  5   4  2  0  2  0  0/0    13:18   0:00   0:00 
Matthew Corrente         0  0  0  -4  5   2  1  1  2  1  0/0    19:54   6:50   0:20 
Max Friberg              0  0  0  -6  5   1  1  0  6  0  1/2    18:27   4:55   0:00 
Raphael Bussieres        1  0  1  -3  5   4  2  0  2  2  0/0    18:14   5:46   0:00 
Tanner Richard           0  0  0  -1  0   1  0  0  3  0  3/5     9:17   0:00   0:00 

Players Stats for Sharks

Player Name              G  A  P  +/- PIM S  H  SB GA TA FO     MP     PP MP  PK MP  
------------------------------------------------------------------------------------
Alexandre Bolduc         0  3  3   7  2   2  3  2  3  0  7/14   24:06   0:00   3:28 
Andy Andreoff            0  0  0   0  0   0  0  0  0  0  0/0     3:07   0:00   0:00 
Brendan Mikkelson        1  5  6  11  0   1  2  1  1  5  0/0    27:47   0:20   5:37 
David van der Gulik      5  1  6   5  0   6  1  0  2  1  0/0    17:25   0:20   7:07 
Dominik Uher             0  2  2   4  0   0  1  0  0  1  1/3    14:18   0:00   0:00 
Farm Player19            0  1  1   0  2   0  0  0  0  0  0/1    14:18   0:00   2:20 
J.C. Lipon               0  1  1   2  0   0  0  1  1  2  0/1    16:14   0:20   0:00 
Jayson Megna             0  0  0   0  0   0  0  0  0  0  0/0     0:43   0:00   0:00 
Joey Mormina             0  1  1   4  7   0  1  1  0  1  0/0    22:53   0:20   4:10 
Louis Leblanc            0  1  1   7  0   0  0  0  0  0  8/12   23:07   0:00   7:02 
Marek Hrivik             0  0  0   0  0   0  0  0  0  0  0/0     0:30   0:00   0:00 
Mark Barberio            4  1  5   7  0   4  0  0  4  2  0/0    22:19   0:00   5:45 
Mark McNeill             1  0  1   2  0   2  4  2  0  1  6/11   19:33   0:20   3:22 
Michael Latta            2  2  4   5  5   2  1  0  2  1  2/2    14:33   0:00   0:15 
Mike Halmo               0  0  0   3  19  0  2  0  1  0  0/0     8:53   0:00   0:00 
Patrick McNeill          0  2  2   6  0   1  0  1  0  3  0/0    27:51   0:00   6:11 
Tye McGinn               2  4  6   8  0   4  2  1  10 0  1/9    22:48   0:00   0:22 
Wade Brookbank           1  0  1   2  27  1  0  0  1  0  0/0     8:13   0:00   0:00 

3 Stars

1 - David van der Gulik (WOR)
2 - Brendan Mikkelson (WOR)
3 - Tye McGinn (WOR)

Power Play

Monsters - 1 on 6 Attempt(s) - 16.67%
Sharks - 1 on 1 Attempt(s) - 100.00%

Penalty Kill

Monsters - 0 on 1 Attempt(s) - 0.00% - Score 0 goal in Penalty Kill
Sharks - 5 on 6 Attempt(s) - 83.33% - Score 2 goal in Penalty Kill

Team Stat

Monsters - Hits : 18 - Faceoff Wins : 28 - Blocked Shots : 6 - Penalty Minutes : 32
Sharks - Hits : 17 - Faceoff Wins : 25 - Blocked Shots : 9 - Penalty Minutes : 62

Official

Referees : Unknown
Linesman : Unknown

Game Notes

Farm Player100 enters game at 5:58 of 1st period
Justin Mercier beats up Wade Brookbank at 8:52 of 1st period
Mark Barberio has scored a Hat Trick!
Farm Player80 enters game at 12:56 of 1st period
David van der Gulik has scored a Hat Trick!
Mike Halmo beats up Max Friberg at 17:50 of 1st period
Wade Brookbank and Andrew Joudrey fight to a draw at 0:31 of 2nd period
Wade Brookbank and Matthew Corrente fight to a draw at 18:05 of 2nd period
Wade Brookbank ejected from game at 18:05 of 2nd period
Raphael Bussieres beats up Joey Mormina at 18:12 of 2nd period
Michael Latta and Gleason Fournier fight to a draw at 19:54 of 2nd period

Finance

Level 1 -- Attendance: 1422 (71.10%) -- Ticket Income $49,770
Level 2 -- Attendance: 794 (79.40%) -- Ticket Income $11,910
Total Attendance: 2216 (73.87%)
Total Ticket Income: $61,680
Other Income: $30,223
Total Income: $91,903

Monsters

5 vs 5 Forward 
   Center                   Left Wing                Right Wing               Time % Phy DF OF 
 1 Andrej Nestrasil         Max Friberg              Jordan Szwarz            35     1   2  2  
 2 Ben Street               Raphael Bussieres        Brett Hextall            30     1   2  2  
 3 Andrew Joudrey           Justin Mercier           Farm Player39            22     1   2  2  
 4 Tanner Richard           Andrej Nestrasil         Ben Street               13     1   2  2  

5 vs 5 Defense 
   Defense                  Defense                                           Time % Phy DF OF 
 1 Matthew Corrente         Gleason Fournier                                  35     1   2  2  
 2 Farm Player35            Farm Player13                                     30     1   2  2  
 3 Farm Player18            Farm Player33                                     22     1   2  2  
 4 Farm Player27            Farm Player32                                     13     1   2  2  

PowerPlay Forward 
   Center                   Left Wing                Right Wing               Time % Phy DF OF 
 1 Andrej Nestrasil         Max Friberg              Jordan Szwarz            60     1   2  2  
 2 Ben Street               Raphael Bussieres        Brett Hextall            40     1   2  2  

PowerPlay Defense
   Defense                  Defense                                           Time % Phy DF OF 
 1 Matthew Corrente         Gleason Fournier                                  60     1   2  2  
 2 Farm Player35            Farm Player13                                     40     1   2  2  

Penalty Kill 4 Players Forward 
   Center                   Wing                     Time % Phy DF OF 
 1 Andrej Nestrasil         Ben Street               60     1   2  2  
 2 Max Friberg              Jordan Szwarz            40     1   2  2  

Penalty Kill 4 Players Defense
   Defense                  Defense                  Time % Phy DF OF 
 1 Matthew Corrente         Gleason Fournier         60     1   2  2  
 2 Farm Player35            Farm Player13            40     1   2  2  

Penalty Kill - 3 Players Forward 
   Forward                                           Time % Phy DF OF 
 1 Andrej Nestrasil                                  60     1   2  2  
 2 Ben Street                                        40     1   2  2  

Penalty Kill - 3 Players Defense
   Defense                  Defense                  Time % Phy DF OF 
 1 Matthew Corrente         Gleason Fournier         60     1   2  2  
 2 Farm Player35            Farm Player13            40     1   2  2  

4 vs 4 Forward 
   Center                   Wing                     Time % Phy DF OF 
 1 Andrej Nestrasil         Ben Street               60     1   2  2  
 2 Max Friberg              Jordan Szwarz            40     1   2  2  

4 vs 4 Defense
   Defense                  Defense                  Time % Phy DF OF 
 1 Matthew Corrente         Gleason Fournier         60     1   2  2  
 2 Farm Player35            Farm Player13            40     1   2  2  

Last Minutes Offensive
   Center                   Left Wing                Right Wing               Defense                  Defense                  
   Andrej Nestrasil         Max Friberg              Jordan Szwarz            Matthew Corrente         Gleason Fournier         

Last Minutes Defensive
   Center                   Left Wing                Right Wing               Defense                  Defense                  
   Andrej Nestrasil         Max Friberg              Jordan Szwarz            Matthew Corrente         Gleason Fournier         

Goaltenders
Starting : Farm Player80            
Backup : Farm Player100           

Extra Forwards
Normal : Andrew Joudrey, Tanner Richard, Justin Mercier - PP : Andrew Joudrey, Tanner Richard - PK : Justin Mercier
Extra Defensemen
Normal : Farm Player18, Farm Player33, Farm Player39 - PP : Farm Player18 - PK : Farm Player33, Farm Player39
Penalty Shots
Andrej Nestrasil, Ben Street, Max Friberg, Jordan Szwarz, Andrew Joudrey

Sharks

5 vs 5 Forward 
   Center                   Left Wing                Right Wing               Time % Phy DF OF 
 1 Alexandre Bolduc         Michael Latta            Louis Leblanc            35     1   2  2  
 2 Mark McNeill             Tye McGinn               J.C. Lipon               30     1   2  2  
 3 Tye McGinn               David van der Gulik      Alexandre Bolduc         22     1   2  2  
 4 Dominik Uher             Mike Halmo               Tye McGinn               13     1   2  2  

5 vs 5 Defense 
   Defense                  Defense                                           Time % Phy DF OF 
 1 Brendan Mikkelson        Mark Barberio                                     35     1   2  2  
 2 Wade Brookbank           Patrick McNeill                                   30     1   2  2  
 3 Patrick McNeill          Joey Mormina                                      22     1   2  2  
 4 Joey Mormina             Wade Brookbank                                    13     1   2  2  

PowerPlay Forward 
   Center                   Left Wing                Right Wing               Time % Phy DF OF 
 1 Alexandre Bolduc         Tye McGinn               Louis Leblanc            60     1   2  2  
 2 Mark McNeill             David van der Gulik      J.C. Lipon               40     1   2  2  

PowerPlay Defense
   Defense                  Defense                                           Time % Phy DF OF 
 1 Joey Mormina             Brendan Mikkelson                                 60     1   2  2  
 2 Mark Barberio            Patrick McNeill                                   40     1   2  2  

Penalty Kill 4 Players Forward 
   Center                   Wing                     Time % Phy DF OF 
 1 Louis Leblanc            David van der Gulik      60     1   2  2  
 2 Alexandre Bolduc         Mark McNeill             40     1   2  2  

Penalty Kill 4 Players Defense
   Defense                  Defense                  Time % Phy DF OF 
 1 Brendan Mikkelson        Joey Mormina             60     1   2  2  
 2 Mark Barberio            Patrick McNeill          40     1   2  2  

Penalty Kill - 3 Players Forward 
   Forward                                           Time % Phy DF OF 
 1 Alexandre Bolduc                                  60     1   2  2  
 2 Mark McNeill                                      40     1   2  2  

Penalty Kill - 3 Players Defense
   Defense                  Defense                  Time % Phy DF OF 
 1 Joey Mormina             Brendan Mikkelson        60     1   2  2  
 2 Mark Barberio            Patrick McNeill          40     1   2  2  

4 vs 4 Forward 
   Center                   Wing                     Time % Phy DF OF 
 1 David van der Gulik      Louis Leblanc            60     1   2  2  
 2 Alexandre Bolduc         Mark McNeill             40     1   2  2  

4 vs 4 Defense
   Defense                  Defense                  Time % Phy DF OF 
 1 Brendan Mikkelson        Joey Mormina             60     1   2  2  
 2 Wade Brookbank           Patrick McNeill          40     1   2  2  

Last Minutes Offensive
   Center                   Left Wing                Right Wing               Defense                  Defense                  
   Alexandre Bolduc         Tye McGinn               Louis Leblanc            Brendan Mikkelson        Mark Barberio            

Last Minutes Defensive
   Center                   Left Wing                Right Wing               Defense                  Defense                  
   Alexandre Bolduc         Tye McGinn               Louis Leblanc            Brendan Mikkelson        Mark Barberio            

Goaltenders
Starting : Dov Grumet-Morris        
Backup : Farm Player76            

Extra Forwards
Normal : Alexandre Bolduc, Dominik Uher, David van der Gulik - PP : Alexandre Bolduc, Dominik Uher - PK : David van der Gulik
Extra Defensemen
Normal : Brendan Mikkelson, Joey Mormina, Patrick McNeill - PP : Patrick McNeill - PK : Joey Mormina, Patrick McNeill
Penalty Shots
David van der Gulik, Tye McGinn, Louis Leblanc, Alexandre Bolduc, Mark McNeill

% Time on Ice - Monsters

Lines # - Real PCT - Wanted PCT - Time Play
Normal Forward
1 - 31% - 35% - 14:58
2 - 31% - 30% - 14:51
3 - 30% - 22% - 14:30
4 - 8% - 13% - 3:59
Normal Defense
1 - 36% - 35% - 17:10
2 - 27% - 30% - 12:50
3 - 23% - 22% - 10:53
4 - 15% - 13% - 7:25
PP Forward
1 - 49% - 60% - 5:36
2 - 51% - 40% - 5:46
PP Defense
1 - 62% - 60% - 7:04
2 - 38% - 40% - 4:18
PK Forward
1 - 100% - 60% - 0:20
2 - 0% - 40% - 0:00
PK Defense
1 - 100% - 60% - 0:20
2 - 0% - 40% - 0:00
PK3 Forward
1 - 0% - 60%
2 - 0% - 40%
PK3 Defense
1 - 0% - 60%
2 - 0% - 40%
44 Forward
1 - 0% - 60%
2 - 0% - 40%
44 Defense
1 - 0% - 60%
2 - 0% - 40%
Last Minute Offensive  - 0:00
Last Minute Defensive  - 0:00
Total
Forward - 60:00
Defense - 60:00

% Time on Ice - Sharks

Lines # - Real PCT - Wanted PCT - Time Play
Normal Forward
1 - 33% - 35% - 16:09
2 - 33% - 30% - 15:51
3 - 8% - 22% - 3:52
4 - 26% - 13% - 12:26
Normal Defense
1 - 27% - 35% - 13:16
2 - 33% - 30% - 16:16
3 - 13% - 22% - 6:16
4 - 27% - 13% - 12:56
PP Forward
1 - 0% - 60% - 0:00
2 - 100% - 40% - 0:20
PP Defense
1 - 100% - 60% - 0:20
2 - 0% - 40% - 0:00
PK Forward
1 - 70% - 60% - 8:00
2 - 30% - 40% - 3:22
PK Defense
1 - 47% - 60% - 5:11
2 - 53% - 40% - 5:45
PK3 Forward
1 - 0% - 60%
2 - 0% - 40%
PK3 Defense
1 - 0% - 60%
2 - 0% - 40%
44 Forward
1 - 0% - 60%
2 - 0% - 40%
44 Defense
1 - 0% - 60%
2 - 0% - 40%
Last Minute Offensive  - 0:00
Last Minute Defensive  - 0:00
Total
Forward - 60:00
Defense - 60:00

Play by Play

1st period


0:01 of 1st period - Andrej Nestrasil wins face-off versus Alexandre Bolduc in neutral zone.
0:20 of 1st period - Slapshot by Mark Barberio.
0:20 of 1st period - Goal by Mark Barberio - Monsters : 0 - Sharks : 1.
0:21 of 1st period - Ben Street wins face-off versus Mark McNeill in neutral zone.
0:37 of 1st period - Minor Penalty to Wade Brookbank for Holding Stick.
0:38 of 1st period - Louis Leblanc wins face-off versus Andrej Nestrasil in Sharks zone.
0:45 of 1st period - Slapshot by Brendan Mikkelson.
0:45 of 1st period - Shot Blocked by Jordan Szwarz.
0:47 of 1st period - Slapshot by Joey Mormina.
0:47 of 1st period - Shot Blocked by Gleason Fournier.
0:49 of 1st period - Slapshot by Brendan Mikkelson.
0:49 of 1st period - Deflect By David van der Gulik.
0:49 of 1st period - Goal by David van der Gulik - Monsters : 0 - Sharks : 2.
0:50 of 1st period - Ben Street wins face-off versus Alexandre Bolduc in neutral zone.
2:28 of 1st period - Mark Barberio is hit by Ben Street and loses puck.
2:37 of 1st period - Penalty to Wade Brookbank is over, Wade Brookbank is back on ice.
3:00 of 1st period - Minor Penalty to Mike Halmo for Interference.
3:01 of 1st period - Louis Leblanc wins face-off versus Ben Street in Sharks zone.
3:41 of 1st period - Brendan Mikkelson is hit by Andrej Nestrasil and loses puck.
4:32 of 1st period - Icing by Max Friberg.
4:33 of 1st period - Ben Street wins face-off versus Alexandre Bolduc in Monsters zone.
4:38 of 1st period - Snap shot by Mark Barberio.
4:38 of 1st period - Shot Misses the Net.
4:44 of 1st period - Wrist shot by Mark Barberio.
4:44 of 1st period - Deflect By Alexandre Bolduc.
4:44 of 1st period - Shot Misses the Net.
4:44 of 1st period - Puck is out of play.
4:45 of 1st period - Alexandre Bolduc wins face-off versus Ben Street in Monsters zone.
4:46 of 1st period - Snap shot by Brendan Mikkelson.
4:46 of 1st period - Shot Misses the Net.
5:00 of 1st period - Penalty to Mike Halmo is over, Mike Halmo is back on ice.
5:38 of 1st period - Wrist shot by Tye McGinn.
5:38 of 1st period - Deflect By Mark McNeill.
5:38 of 1st period - Goal by Mark McNeill - Monsters : 0 - Sharks : 3.
5:39 of 1st period - Andrew Joudrey wins face-off versus Tye McGinn in neutral zone.
5:52 of 1st period - Slapshot by Tye McGinn.
5:52 of 1st period - Shot Misses the Net.
5:54 of 1st period - Slapshot by Wade Brookbank.
5:54 of 1st period - Shot Misses the Net.
5:56 of 1st period - Slapshot by Patrick McNeill.
5:56 of 1st period - Shot Misses the Net.
5:58 of 1st period - Slapshot by Wade Brookbank.
5:58 of 1st period - Goal by Wade Brookbank - Monsters : 0 - Sharks : 4.
5:58 of 1st period - Farm Player100 enters game.
5:59 of 1st period - Ben Street wins face-off versus Tye McGinn in neutral zone.
6:04 of 1st period - Wrist shot by Ben Street.
6:04 of 1st period - Shot Misses the Net.
6:17 of 1st period - Icing by Tye McGinn.
6:18 of 1st period - Ben Street wins face-off versus Mark McNeill in Sharks zone.
6:36 of 1st period - Snap shot by Ben Street.
6:36 of 1st period - Shot Blocked by J.C. Lipon.
7:39 of 1st period - Minor Penalty to Farm Player39 for Elbowing.
7:40 of 1st period - Mark McNeill wins face-off versus Andrej Nestrasil in Monsters zone.
7:47 of 1st period - Wrist shot by David van der Gulik.
7:47 of 1st period - Shot Misses the Net.
7:59 of 1st period - Slapshot by David van der Gulik.
7:59 of 1st period - Goal by David van der Gulik - Monsters : 0 - Sharks : 5.
8:00 of 1st period - Andrew Joudrey wins face-off versus Tye McGinn in neutral zone.
8:27 of 1st period - Snap shot by Justin Mercier.
8:27 of 1st period - Stopped by Dov Grumet-Morris with a rebound.
8:52 of 1st period - Justin Mercier beats up Wade Brookbank.
8:52 of 1st period - Penalty to Wade Brookbank for Fighting.
8:52 of 1st period - Penalty to Justin Mercier for Fighting.
8:53 of 1st period - Andrej Nestrasil wins face-off versus Alexandre Bolduc in neutral zone.
9:12 of 1st period - Wrist shot by Michael Latta.
9:12 of 1st period - Shot Blocked by Matthew Corrente.
9:46 of 1st period - Brendan Mikkelson is hit by Raphael Bussieres and loses puck.
9:53 of 1st period - J.C. Lipon is hit by Brett Hextall and loses puck.
10:50 of 1st period - Slapshot by Andrew Joudrey.
10:50 of 1st period - Stopped by Dov Grumet-Morris without a rebound.
10:51 of 1st period - Louis Leblanc wins face-off versus Andrej Nestrasil in Sharks zone.
11:02 of 1st period - Wrist shot by Mark Barberio.
11:02 of 1st period - Goal by Mark Barberio - Monsters : 0 - Sharks : 6.
11:03 of 1st period - Alexandre Bolduc wins face-off versus Ben Street in neutral zone.
11:54 of 1st period - Max Friberg is hit by Brendan Mikkelson and loses puck.
12:23 of 1st period - Snap shot by Mark McNeill.
12:23 of 1st period - Shot Misses the Net.
12:45 of 1st period - Snap shot by Mark Barberio.
12:45 of 1st period - Shot Misses the Net.
12:47 of 1st period - Slapshot by Brendan Mikkelson.
12:47 of 1st period - Shot Misses the Net.
12:49 of 1st period - Wrist shot by Alexandre Bolduc.
12:49 of 1st period - Shot Blocked by Andrew Joudrey.
12:51 of 1st period - Wrist shot by Mark Barberio.
12:51 of 1st period - Goal by Mark Barberio - Monsters : 0 - Sharks : 7.
12:52 of 1st period - Dominik Uher wins face-off versus Ben Street in neutral zone.
12:56 of 1st period - Snap shot by Brendan Mikkelson.
12:56 of 1st period - Goal by Brendan Mikkelson - Monsters : 0 - Sharks : 8.
12:56 of 1st period - Farm Player80 enters game.
12:57 of 1st period - Alexandre Bolduc wins face-off versus Tanner Richard in neutral zone.
13:28 of 1st period - Off-side.
13:29 of 1st period - Andrew Joudrey wins face-off versus Mark McNeill in neutral zone.
13:32 of 1st period - Slapshot by Tanner Richard.
13:32 of 1st period - Shot Blocked by Mark McNeill.
14:15 of 1st period - Snap shot by Jordan Szwarz.
14:15 of 1st period - Stopped by Dov Grumet-Morris with a rebound.
14:47 of 1st period - Snap shot by Ben Street.
14:47 of 1st period - Deflect By Raphael Bussieres.
14:47 of 1st period - Shot Misses the Net.
14:47 of 1st period - Puck is out of play.
14:48 of 1st period - Ben Street wins face-off versus Dominik Uher in Sharks zone.
15:20 of 1st period - Off-side.
15:21 of 1st period - Mark McNeill wins face-off versus Andrew Joudrey in neutral zone.
15:24 of 1st period - Andrew Joudrey is hit by Mark McNeill and loses puck.
15:37 of 1st period - Snap shot by Andrew Joudrey.
15:37 of 1st period - Stopped by Dov Grumet-Morris with a rebound.
16:01 of 1st period - Justin Mercier is hit by Alexandre Bolduc.
16:31 of 1st period - Snap shot by Tye McGinn.
16:31 of 1st period - Deflect By David van der Gulik.
16:31 of 1st period - Goal by David van der Gulik - Monsters : 0 - Sharks : 9.
16:32 of 1st period - Mark McNeill wins face-off versus Ben Street in neutral zone.
17:46 of 1st period - Mike Halmo is hit by Jordan Szwarz and loses puck.
17:50 of 1st period - Mike Halmo beats up Max Friberg.
17:50 of 1st period - Penalty to Mike Halmo for Fighting.
17:50 of 1st period - Penalty to Max Friberg for Fighting.
17:50 of 1st period - Penalty to Mike Halmo for instigated a fight.
17:50 of 1st period - Penalty to Mike Halmo for instigated a fight.
17:51 of 1st period - Louis Leblanc wins face-off versus Ben Street in Sharks zone.
18:06 of 1st period - Snap shot by Raphael Bussieres.
18:06 of 1st period - Shot Misses the Net.
18:18 of 1st period - Louis Leblanc is hit by Ben Street.
18:23 of 1st period - Off-side.
18:24 of 1st period - Louis Leblanc wins face-off versus Jordan Szwarz in neutral zone.
18:45 of 1st period - Snap shot by Andrew Joudrey.
18:45 of 1st period - Shot Misses the Net.
18:47 of 1st period - Snap shot by Matthew Corrente.
18:47 of 1st period - Stopped by Dov Grumet-Morris with a rebound.
19:23 of 1st period - Backhand shot by Raphael Bussieres.
19:23 of 1st period - Goal by Raphael Bussieres - Monsters : 1 - Sharks : 9.
19:24 of 1st period - Andrew Joudrey wins face-off versus Mark McNeill in neutral zone.
Goals for this period are 1 for Monsters vs 9 for Sharks.
Shots for this period are 6 for Monsters vs 9 for Sharks.

2nd period


0:01 of 2nd period - Andrej Nestrasil wins face-off versus Tye McGinn in neutral zone.
0:31 of 2nd period - Wade Brookbank and Andrew Joudrey fight to a draw.
0:31 of 2nd period - Penalty to Wade Brookbank for Fighting.
0:31 of 2nd period - Penalty to Andrew Joudrey for Fighting.
0:32 of 2nd period - Ben Street wins face-off versus Alexandre Bolduc in Monsters zone.
1:25 of 2nd period - Snap shot by Tye McGinn.
1:25 of 2nd period - Stopped by Farm Player80 with a rebound.
1:27 of 2nd period - Wrist shot by Patrick McNeill.
1:27 of 2nd period - Shot Misses the Net.
1:29 of 2nd period - Slapshot by Dominik Uher.
1:29 of 2nd period - Shot Misses the Net.
1:31 of 2nd period - Slapshot by Patrick McNeill.
1:31 of 2nd period - Stopped by Farm Player80 with a rebound.
1:33 of 2nd period - Wrist shot by David van der Gulik.
1:33 of 2nd period - Goal by David van der Gulik - Monsters : 1 - Sharks : 10.
1:34 of 2nd period - Mark McNeill wins face-off versus Andrej Nestrasil in neutral zone.
1:39 of 2nd period - Backhand shot by Tye McGinn.
1:39 of 2nd period - Shot Blocked by Gleason Fournier.
2:03 of 2nd period - Snap shot by Jordan Szwarz.
2:03 of 2nd period - Stopped by Dov Grumet-Morris without a rebound.
2:04 of 2nd period - Alexandre Bolduc wins face-off versus Tanner Richard in Sharks zone.
2:11 of 2nd period - Wrist shot by Tanner Richard.
2:11 of 2nd period - Stopped by Dov Grumet-Morris with a rebound.
2:13 of 2nd period - Snap shot by Justin Mercier.
2:13 of 2nd period - Stopped by Dov Grumet-Morris with a rebound.
2:15 of 2nd period - Snap shot by Justin Mercier.
2:15 of 2nd period - Stopped by Dov Grumet-Morris with a rebound.
3:13 of 2nd period - Snap shot by Raphael Bussieres.
3:13 of 2nd period - Shot Misses the Net.
3:15 of 2nd period - Wrist shot by Raphael Bussieres.
3:15 of 2nd period - Stopped by Dov Grumet-Morris with a rebound.
3:17 of 2nd period - Slapshot by Farm Player32.
3:17 of 2nd period - Stopped by Dov Grumet-Morris with a rebound.
3:19 of 2nd period - Snap shot by Raphael Bussieres.
3:19 of 2nd period - Shot Misses the Net.
3:30 of 2nd period - Minor Penalty to Joey Mormina for Goalie Interference.
3:31 of 2nd period - Andrej Nestrasil wins face-off versus Louis Leblanc in Sharks zone.
4:17 of 2nd period - Snap shot by Ben Street.
4:17 of 2nd period - Shot Misses the Net.
4:27 of 2nd period - David van der Gulik is hit by Brett Hextall and loses puck.
4:49 of 2nd period - Brendan Mikkelson is hit by Andrej Nestrasil and loses puck.
5:30 of 2nd period - Penalty to Joey Mormina is over, Joey Mormina is back on ice.
5:34 of 2nd period - Max Friberg is hit by Alexandre Bolduc and loses puck.
6:27 of 2nd period - Dominik Uher is hit by Justin Mercier and loses puck.
6:41 of 2nd period - Ben Street is hit by Mark McNeill and loses puck.
7:12 of 2nd period - Snap shot by Dominik Uher.
7:12 of 2nd period - Shot Misses the Net.
7:40 of 2nd period - Slapshot by Raphael Bussieres.
7:40 of 2nd period - Deflect By Ben Street.
7:40 of 2nd period - Stopped by Dov Grumet-Morris with a rebound.
7:42 of 2nd period - Slapshot by Farm Player32.
7:42 of 2nd period - Stopped by Dov Grumet-Morris with a rebound.
7:59 of 2nd period - Minor Penalty to Alexandre Bolduc for Tripping.
8:00 of 2nd period - Ben Street wins face-off versus Louis Leblanc in Sharks zone.
8:30 of 2nd period - Wrist shot by Jordan Szwarz.
8:30 of 2nd period - Stopped by Dov Grumet-Morris with a rebound.
8:32 of 2nd period - Snap shot by Jordan Szwarz.
8:32 of 2nd period - Shot Misses the Net.
8:34 of 2nd period - Slapshot by Gleason Fournier.
8:34 of 2nd period - Deflect By Max Friberg.
8:34 of 2nd period - Shot Misses the Net.
8:34 of 2nd period - Puck is out of play.
8:35 of 2nd period - Louis Leblanc wins face-off versus Max Friberg in Sharks zone.
8:54 of 2nd period - Mark Barberio is hit by Brett Hextall and loses puck.
9:59 of 2nd period - Penalty to Alexandre Bolduc is over, Alexandre Bolduc is back on ice.
10:14 of 2nd period - Raphael Bussieres is hit by Joey Mormina and loses puck.
10:29 of 2nd period - Farm Player39 is hit by Mark McNeill and loses puck.
10:40 of 2nd period - Wrist shot by Andrew Joudrey.
10:40 of 2nd period - Shot Blocked by Tye McGinn.
10:42 of 2nd period - Wrist shot by Farm Player39.
10:42 of 2nd period - Stopped by Dov Grumet-Morris with a rebound.
11:48 of 2nd period - Mark Barberio is hit by Jordan Szwarz and loses puck.
11:55 of 2nd period - Snap shot by Jordan Szwarz.
11:55 of 2nd period - Shot Misses the Net.
12:06 of 2nd period - Icing by Mark Barberio.
12:07 of 2nd period - Tanner Richard wins face-off versus Farm Player19 in Sharks zone.
12:50 of 2nd period - 10 Minutes Misconduct Penalty to Mike Halmo is over.
13:28 of 2nd period - Snap shot by Andrew Joudrey.
13:28 of 2nd period - Stopped by Dov Grumet-Morris with a rebound.
14:16 of 2nd period - Michael Latta is hit by Matthew Corrente and loses puck.
14:23 of 2nd period - Snap shot by Andrew Joudrey.
14:23 of 2nd period - Stopped by Dov Grumet-Morris with a rebound.
14:25 of 2nd period - Snap shot by Andrew Joudrey.
14:25 of 2nd period - Stopped by Dov Grumet-Morris with a rebound.
14:39 of 2nd period - Snap shot by Ben Street.
14:39 of 2nd period - Shot Misses the Net.
14:41 of 2nd period - Snap shot by Raphael Bussieres.
14:41 of 2nd period - Stopped by Dov Grumet-Morris with a rebound.
14:56 of 2nd period - Off-side.
14:57 of 2nd period - Andrej Nestrasil wins face-off versus Dominik Uher in neutral zone.
15:10 of 2nd period - Slapshot by Mark Barberio.
15:10 of 2nd period - Goal by Mark Barberio - Monsters : 1 - Sharks : 11.
15:11 of 2nd period - Farm Player39 wins face-off versus Mark McNeill in neutral zone.
15:49 of 2nd period - Snap shot by Ben Street.
15:49 of 2nd period - Shot Misses the Net.
16:32 of 2nd period - Icing by J.C. Lipon.
16:33 of 2nd period - Tanner Richard wins face-off versus J.C. Lipon in Sharks zone.
16:49 of 2nd period - Icing by Farm Player33.
16:50 of 2nd period - Tanner Richard wins face-off versus Alexandre Bolduc in Monsters zone.
17:19 of 2nd period - Justin Mercier is hit by Dominik Uher and loses puck.
17:44 of 2nd period - Snap shot by Alexandre Bolduc.
17:44 of 2nd period - Stopped by Farm Player80 with a rebound.
17:46 of 2nd period - Wrist shot by Michael Latta.
17:46 of 2nd period - Goal by Michael Latta - Monsters : 1 - Sharks : 12.
17:47 of 2nd period - Mark McNeill wins face-off versus Andrej Nestrasil in neutral zone.
18:04 of 2nd period - Snap shot by Jordan Szwarz.
18:04 of 2nd period - Shot Blocked by Mark McNeill.
18:05 of 2nd period - Wade Brookbank and Matthew Corrente fight to a draw.
18:05 of 2nd period - Penalty to Wade Brookbank for Fighting.
18:05 of 2nd period - Wade Brookbank is ejected from game.
18:05 of 2nd period - Penalty to Matthew Corrente for Fighting.
18:06 of 2nd period - Ben Street wins face-off versus Tye McGinn in Sharks zone.
18:12 of 2nd period - Raphael Bussieres beats up Joey Mormina.
18:12 of 2nd period - Penalty to Joey Mormina for Fighting.
18:12 of 2nd period - Penalty to Raphael Bussieres for Fighting.
18:13 of 2nd period - Alexandre Bolduc wins face-off versus Ben Street in Sharks zone.
18:47 of 2nd period - Snap shot by Michael Latta.
18:47 of 2nd period - Goal by Michael Latta - Monsters : 1 - Sharks : 13.
18:48 of 2nd period - Max Friberg wins face-off versus Tye McGinn in neutral zone.
19:01 of 2nd period - Max Friberg is hit by David van der Gulik and loses puck.
19:08 of 2nd period - Wrist shot by Tye McGinn.
19:08 of 2nd period - Shot Misses the Net.
19:10 of 2nd period - Wrist shot by Tye McGinn.
19:10 of 2nd period - Goal by Tye McGinn - Monsters : 1 - Sharks : 14.
19:11 of 2nd period - Mark McNeill wins face-off versus Ben Street in neutral zone.
19:18 of 2nd period - Wrist shot by Ben Street.
19:18 of 2nd period - Shot Misses the Net.
19:54 of 2nd period - Michael Latta and Gleason Fournier fight to a draw.
19:54 of 2nd period - Penalty to Michael Latta for Fighting.
19:54 of 2nd period - Penalty to Gleason Fournier for Fighting.
19:55 of 2nd period - Alexandre Bolduc wins face-off versus Andrej Nestrasil in neutral zone.
Goals for this period are 0 for Monsters vs 5 for Sharks.
Shots for this period are 14 for Monsters vs 8 for Sharks.

3rd period


0:01 of 3rd period - Tye McGinn wins face-off versus Andrej Nestrasil in neutral zone.
0:06 of 3rd period - Wrist shot by Tye McGinn.
0:06 of 3rd period - Stopped by Farm Player80 without a rebound.
0:07 of 3rd period - Andrej Nestrasil wins face-off versus Tye McGinn in Monsters zone.
2:22 of 3rd period - Ben Street is hit by Alexandre Bolduc and loses puck.
2:58 of 3rd period - Minor Penalty to Farm Player19 for Cross-checking.
2:59 of 3rd period - Alexandre Bolduc wins face-off versus Andrej Nestrasil in Sharks zone.
3:06 of 3rd period - Snap shot by David van der Gulik.
3:06 of 3rd period - Stopped by Farm Player80 with a rebound.
3:30 of 3rd period - Icing by Raphael Bussieres.
3:31 of 3rd period - Louis Leblanc wins face-off versus Ben Street in Monsters zone.
3:36 of 3rd period - Slapshot by David van der Gulik.
3:36 of 3rd period - Goal by David van der Gulik - Monsters : 1 - Sharks : 15.
3:37 of 3rd period - Andrej Nestrasil wins face-off versus Louis Leblanc in neutral zone.
3:44 of 3rd period - Slapshot by Jordan Szwarz.
3:44 of 3rd period - Deflect By Max Friberg.
3:44 of 3rd period - Shot Misses the Net.
3:44 of 3rd period - Puck is out of play.
3:45 of 3rd period - Andrej Nestrasil wins face-off versus Louis Leblanc in Sharks zone.
3:46 of 3rd period - Snap shot by Jordan Szwarz.
3:46 of 3rd period - Deflect By Max Friberg.
3:46 of 3rd period - Shot Blocked by Brendan Mikkelson.
3:46 of 3rd period - Puck is out of play.
3:47 of 3rd period - Louis Leblanc wins face-off versus Andrej Nestrasil in Sharks zone.
4:40 of 3rd period - Raphael Bussieres is hit by Brendan Mikkelson and loses puck.
4:54 of 3rd period - Penalty to Michael Latta is over, Michael Latta is back on ice.
5:33 of 3rd period - Mark Barberio is hit by Andrew Joudrey and loses puck.
5:48 of 3rd period - Farm Player19 is hit by Andrew Joudrey.
5:56 of 3rd period - Slapshot by Tye McGinn.
5:56 of 3rd period - Goal by Tye McGinn - Monsters : 1 - Sharks : 16.
5:57 of 3rd period - Ben Street wins face-off versus Tye McGinn in neutral zone.
6:46 of 3rd period - Wrist shot by Jordan Szwarz.
6:46 of 3rd period - Shot Blocked by Joey Mormina.
7:00 of 3rd period - Jordan Szwarz is hit by Tye McGinn and loses puck.
7:37 of 3rd period - Snap shot by Mike Halmo.
7:37 of 3rd period - Shot Blocked by Gleason Fournier.
7:43 of 3rd period - Patrick McNeill is hit by Justin Mercier and loses puck.
8:10 of 3rd period - Wrist shot by Ben Street.
8:10 of 3rd period - Deflect By Brett Hextall.
8:10 of 3rd period - Stopped by Dov Grumet-Morris with a rebound.
8:12 of 3rd period - Wrist shot by Ben Street.
8:12 of 3rd period - Shot Misses the Net.
8:41 of 3rd period - Mark Barberio is hit by Jordan Szwarz and loses puck.
9:06 of 3rd period - Snap shot by Mark McNeill.
9:06 of 3rd period - Stopped by Farm Player80 with a rebound.
10:02 of 3rd period - Snap shot by Ben Street.
10:02 of 3rd period - Shot Misses the Net.
10:04 of 3rd period - Slapshot by Ben Street.
10:04 of 3rd period - Stopped by Dov Grumet-Morris with a rebound.
10:06 of 3rd period - Slapshot by Farm Player18.
10:06 of 3rd period - Stopped by Dov Grumet-Morris with a rebound.
10:08 of 3rd period - Snap shot by Ben Street.
10:08 of 3rd period - Stopped by Dov Grumet-Morris without a rebound.
10:09 of 3rd period - Michael Latta wins face-off versus Ben Street in Sharks zone.
11:35 of 3rd period - Slapshot by Alexandre Bolduc.
11:35 of 3rd period - Stopped by Farm Player80 with a rebound.
12:32 of 3rd period - Jordan Szwarz is hit by Mike Halmo and loses puck.
13:23 of 3rd period - Snap shot by Andrew Joudrey.
13:23 of 3rd period - Stopped by Dov Grumet-Morris with a rebound.
13:54 of 3rd period - David van der Gulik is hit by Raphael Bussieres.
14:52 of 3rd period - Justin Mercier is hit by Mike Halmo and loses puck.
15:09 of 3rd period - Andrej Nestrasil is hit by Michael Latta and loses puck.
16:09 of 3rd period - Slapshot by Jordan Szwarz.
16:09 of 3rd period - Shot Misses the Net.
16:11 of 3rd period - Snap shot by Jordan Szwarz.
16:11 of 3rd period - Deflect By Max Friberg.
16:11 of 3rd period - Shot Misses the Net.
16:11 of 3rd period - Puck is out of play.
16:12 of 3rd period - Michael Latta wins face-off versus Jordan Szwarz in Sharks zone.
16:40 of 3rd period - Gleason Fournier is hit by Tye McGinn and loses puck.
16:59 of 3rd period - Wrist shot by Justin Mercier.
16:59 of 3rd period - Stopped by Dov Grumet-Morris with a rebound.
17:01 of 3rd period - Slapshot by Farm Player13.
17:01 of 3rd period - Shot Blocked by Alexandre Bolduc.
17:03 of 3rd period - Snap shot by Farm Player39.
17:03 of 3rd period - Deflect By Brendan Mikkelson.
17:03 of 3rd period - Shot Blocked by Alexandre Bolduc.
17:03 of 3rd period - Puck is out of play.
17:04 of 3rd period - Andrew Joudrey wins face-off versus Alexandre Bolduc in Sharks zone.
17:29 of 3rd period - J.C. Lipon is hit by Max Friberg and loses puck.
17:36 of 3rd period - Max Friberg is hit by Mark McNeill and loses puck.
18:19 of 3rd period - Snap shot by Justin Mercier.
18:19 of 3rd period - Shot Misses the Net.
18:21 of 3rd period - Snap shot by Justin Mercier.
18:21 of 3rd period - Shot Misses the Net.
18:47 of 3rd period - Wrist shot by Max Friberg.
18:47 of 3rd period - Stopped by Dov Grumet-Morris with a rebound.
18:49 of 3rd period - Snap shot by Andrej Nestrasil.
18:49 of 3rd period - Shot Misses the Net.
19:10 of 3rd period - Snap shot by Raphael Bussieres.
19:10 of 3rd period - Stopped by Dov Grumet-Morris with a rebound.
19:52 of 3rd period - Wrist shot by Matthew Corrente.
19:52 of 3rd period - Stopped by Dov Grumet-Morris with a rebound.
19:54 of 3rd period - Slapshot by Tanner Richard.
19:54 of 3rd period - Shot Blocked by Patrick McNeill.
19:56 of 3rd period - Snap shot by Gleason Fournier.
19:56 of 3rd period - Deflect By Patrick McNeill.
19:56 of 3rd period - Stopped by Dov Grumet-Morris with a rebound.
Goals for this period are 0 for Monsters vs 2 for Sharks.
Shots for this period are 10 for Monsters vs 6 for Sharks.


Output by the SimonT Hockey Simulator (STHS) for Eric Dolegowski -- Original Page W3C XHTML 1.0 Valid
Hockey Simulator - Hockey Simulation - Hockey Manager